 Dungeon Crawl Stone Soup version 0.28-a0-1167-g616b1c6417 (webtiles) character file.

Game seed: 16442576251492701818

1087 ChaosChampion the Thaumaturge (level 8, -2/41 HPs)
             Began as a Deep Elf Conjurer on Dec 16, 2021.
             Shot with an arrow by a centaur (11 damage)
             ... on level 6 of the Dungeon.
             The game lasted 00:11:11 (6024 turns).

ChaosChampion the Thaumaturge (Deep Elf Conjurer)   Turns: 6024, Time: 00:11:12

Health: -2/41      AC:  2    Str:  4    XL:     8   Next: 9%
Magic:  12/22      EV: 12    Int: 26    God:
Gold:   342        SH:  0    Dex: 13    Spells: 9/24 levels left

rFire   + + .      SeeInvis .   s - +6 short sword of the Wizarding Madman {speed, rF++ rN+}
rCold   . . .      Faith    .   (no shield)
rNeg    + . .      Spirit   .   a - +0 robe
rPois   .          Reflect  .   (no helmet)
rElec   .          Harm     .   (no cloak)
rCorr   .          Rampage  .   (no gloves)
Will    .....                   (no boots)
Stlth   ++........              (no amulet)
HPRegen 0.13/turn               (no ring)
MPRegen 0.18/turn               (no ring)

@: no status effects
A: no striking features
a: no special abilities


You were on level 6 of the Dungeon.
You visited 1 branch of the dungeon, and saw 6 of its levels.

You collected 342 gold pieces.

Inventory:

Hand Weapons
 s - the +6 short sword of the Wizarding Madman (weapon) {speed, rF++ rN+}
   (You took it off an orc priest on level 5 of the Dungeon)

   Attacks with this weapon are significantly faster.
   rF:        It greatly protects you from fire.
   rN:        It protects you from negative energy.
Armour
 a - a +0 robe (worn)
Magical Staves
 d - a staff of conjuration
Jewellery
 v - a ring of magical power
Wands
 l - a wand of iceblast (6)
 p - a wand of polymorph (8)
 r - a wand of flame (58)
Scrolls
 e - a scroll of amnesia
 f - a scroll of teleportation
 o - a scroll of enchant weapon {unknown}
 q - a scroll of magic mapping {unknown}
 u - a scroll of fog {unknown}
 w - a scroll of blinking {unknown}
Potions
 b - 2 potions of haste
 c - a potion of mutation {unknown}
 g - 2 potions of flight {unknown}
 h - 3 potions of brilliance {unknown}
 i - 2 potions of curing {unknown}
 j - a potion of might {unknown}
 m - a potion of resistance {unknown}
 n - a potion of ambrosia {unknown}
 t - a potion of experience {unknown}


   Skills:
 - Level 2.4 Dodging
 - Level 2.4 Stealth
 + Level 8.9 Spellcasting
 + Level 7.0 Conjurations
 - Level 3.0 Hexes
 - Level 3.0 Summonings
 - Level 3.0 Translocations


You had 9 spell levels left.
You knew the following spells:

 Your Spells              Type           Power      Damage    Failure   Level
a - Magic Dart            Conj           100%       1d8       1%          1
b - Searing Ray           Conj           96%        2d7       1%          2
c - Summon Guardian Gole  Hex/Summ       27%        N/A       4%          3
d - Iskenderun's Mystic   Conj/Tloc      37%        2d9       7%          4
e - Iskenderun's Battles  Conj           48%        2d10      8%          5

Your spell library contained the following spells:

 Spells                   Type           Power      Damage    Failure   Level
 Summon Small Mammal      Summ           100%       N/A       1%          1
 Dazzling Flash           Conj/Hex       74%        N/A       1%          3
 Call Canine Familiar     Summ           27%        N/A       4%          3
 Beastly Appendage        Tmut           22%        N/A       5%          1
 Fulminant Prism          Conj/Hex       18%        3d11      7%          4
 Wereblood                Tmut           11%        N/A       8%          2
 Ozocubu's Armour         Ice            11%        N/A       16%         3
 Spider Form              Tmut/Pois      11%        N/A       16%         3
 Fireball                 Conj/Fire      14%        3d8       34%         5
 Conjure Ball Lightning   Conj/Air       14%        3x3d6     88%         6
 Orb of Destruction       Conj           24%        9d10      94%         7
 Ozocubu's Refrigeration  Ice            5%         4d6       100%        7
 Chain Lightning          Conj/Air       14%        3d19      100%        9
 Fire Storm               Conj/Fire      14%        8d4       100%        9
 Shatter                  Erth           5%         3d8*      100%        9


Dungeon Overview and Level Annotations

Branches:
Dungeon (6/15)
 Temple: D:4-7

Altars:
Dithmenos
Hepliaklqana
Uskayaw
Xom


Message History

The centaur shouts!
The centaur wields a +0 shortbow.
The centaur shoots an arrow.
The arrow closely misses you.
The centaur shoots an arrow.
The arrow hits you!
Casting: Searing Ray (safe; 1% risk of failure)
Confirm with . or Enter, or press ? or * to list all spells.
The spell is quite dangerous to miscast (8% risk of failure)!
Continue anyway?
You miscast Iskenderun's Battlesphere.
You are very lightly contaminated with residual magic.
Nothing appears to happen.
The centaur shoots an arrow.
The arrow hits you.
The centaur shoots an arrow.
The arrow hits you.
The centaur shoots an arrow.
The arrow hits you!
* * * LOW HITPOINT WARNING * * *
The centaur shoots an arrow.
The arrow hits you.
* * * LOW HITPOINT WARNING * * *
The centaur shoots an arrow.
The arrow barely misses you.
Your magical contamination has completely faded away.
You see here a +0 dagger.
Okay, then.
As you read the scroll labelled ECLELI YRAF, it crumbles to dust.
It is a scroll of identify.
b - 2 potions of haste
Casting: Iskenderun's Battlesphere (quite dangerous; 8% risk of failure)
Confirm with . or Enter, or press ? or * to list all spells.
The spell is quite dangerous to miscast (7% risk of failure)!
Continue anyway?
You erupt in a blast of force!
The mystic blast hits the centaur.
The centaur is lightly wounded.
The centaur unwields a +0 shortbow.
The centaur closely misses you.
The centaur kicks you but does no damage.
Casting: Iskenderun's Mystic Blast (quite dangerous; 7% risk of failure)
Confirm with . or Enter, or press ? or * to list all spells.
The spell is quite dangerous to miscast (7% risk of failure)!
Continue anyway?
You erupt in a blast of force!
The mystic blast hits the centaur!
The centaur is heavily wounded.
The centaur is knocked back by the mystic blast.
The centaur slams into the rock wall!
The centaur is severely wounded.
The centaur wields a +0 shortbow.
The centaur shoots an arrow.
The arrow hits you!
You die...

#.....#.# #.....#.#
#.....#.# ......#.#
......#.# <######c#
#......#
#c#############.#
#.#@..#....<...#
#.####)##.##.######..#
#......c..c..# #
##############


You could see a centaur.

Vanquished Creatures
  The ghost of paps the Cudgeller, an amateur GrMo (D:4)
  A sky beast (D:5)
  An ogre (D:5)
  Blork the orc (D:5)
  A wyvern zombie (D:5)
  3 orc priests (D:5)
  2 hounds (D:5)
  A bullfrog skeleton (D:5)
  An iguana (D:4)
  4 orc wizards
  A hound skeleton (D:5)
  Robin (D:4)
  4 gnolls
  9 adders
  An adder skeleton (D:4)
  5 worms
  4 dart slugs
  18 orcs
  10 ball pythons
  5 endoplasms
  3 giant cockroaches
  15 goblins
  9 hobgoblins
  5 jackals (D:1)
  11 kobolds
  A quokka (D:3)
  4 bats
  2 frilled lizards (D:2)
  7 rats
131 creatures vanquished.

Vanquished Creatures (others)
  3 fungi (D:1)
  6 plants
9 creatures vanquished.

Grand Total: 140 creatures vanquished

Notes
Turn   | Place    | Note
-------+----------+-------------------------------------------
     0 | D:1      | ChaosChampion the Deep Elf Conjurer began the quest for the
                  | Orb.
     0 | D:1      | Reached XP level 1. HP: 10/10 MP: 6/6
   228 | D:1      | Reached XP level 2. HP: 2/15 MP: 2/8
   548 | D:1      | Reached skill level 4 in Spellcasting
   673 | D:1      | Found a faded altar of an unknown god.
   706 | D:1      | Learned a level 2 spell: Searing Ray
   745 | D:1      | Reached XP level 3. HP: 19/19 MP: 6/10
  1656 | D:2      | Reached skill level 5 in Spellcasting
  1712 | D:2      | Reached skill level 5 in Conjurations
  1792 | D:2      | Reached XP level 4. HP: 24/24 MP: 9/13
  1924 | D:2      | You fall into a shaft and drop 1 floor!
  2530 | D:3      | Learned a level 3 spell: Summon Guardian Golem
  2535 | D:3      | Learned a level 4 spell: Iskenderun's Mystic Blast
  2698 | D:3      | Reached skill level 6 in Spellcasting
  3079 | D:3      | Reached XP level 5. HP: 28/28 MP: 13/15
  3148 | D:4      | Identified a scroll of acquirement
  3148 | D:4      | Acquired a staff of conjuration
  3181 | D:4      | Noticed Robin
  3186 | D:4      | Killed Robin
  3313 | D:4      | Found a shadowy altar of Dithmenos.
  3638 | D:4      | Found a hide-covered altar of Uskayaw.
  3638 | D:4      | Found a shimmering altar of Xom.
  3638 | D:4      | Found a hazy altar of Hepliaklqana.
  3719 | D:4      | Reached skill level 7 in Spellcasting
  3839 | D:4      | Reached XP level 6. HP: 23/32 MP: 10/18
  4342 | D:4      | Found a runed translucent door.
  4343 | D:4      | Noticed paps's ghost (amateur GrMo)
  4486 | D:4      | Acquired a book of the Spheres
  4501 | D:4      | Learned a level 5 spell: Iskenderun's Battlesphere
  4520 | D:4      | Killed paps's ghost
  4521 | D:4      | Reached skill level 1 in Summonings
  4521 | D:4      | Reached skill level 1 in Translocations
  4623 | D:5      | Entered Level 5 of the Dungeon
  4628 | D:5      | Reached XP level 7. HP: 36/36 MP: 11/20
  4632 | D:5      | Noticed Blork the orc
  4748 | D:5      | Killed Blork the orc
  4811 | D:5      | Identified the +6 short sword of the Wizarding Madman
                  | {speed, rF++ rN+}
  4912 | D:5      | Reached skill level 8 in Spellcasting
  5372 | D:5      | Reached XP level 8. HP: 41/41 MP: 12/22
  6024 | D:6      | Shot with an arrow by a centaur

Illustrated notes

Levels and vault maps discovered:
D:1:      giann_wishing_wells, layout_basic, dreamdust_ecumenical_altar_grove,
          serial_forest, infiniplex_forest_straight_2,
          infiniplex_forest_corner_1, infiniplex_forest_lined_room_2,
          infiniplex_forest_clump_C, infiniplex_forest_end_2,
          infiniplex_forest_clump_small, st_stairs_3
D:2:      layout_rooms, minmay_misc_feat_chi
D:3:      layout_rooms, kennysheep_generic_room_10
D:4:      layout_rooms, mainiacjoe_overflow_surrounded_room,
          chequers_temple_overflow_statue_of_worship,
          ebering_ghost_reflecting_pool, uniq_robin
D:5:      layout_loops_ring, serial_bayou_pond_e, uniq_blork_the_orc
D:6:      layout_loops_corners, minmay_temple_entry_gardened_gates,
          serial_co_window_serial, co_window_of_opportunity_a,
          co_window_paths_a, co_window_paths_b, co_window_paths_b,
          co_window_cross_1, co_window_of_opportunity_a, co_window_corner_a,
          co_window_corner_b, co_window_unsneaky_path_b, co_window_broadway_a,
          co_window_corner_cb, glass_columns_c, glass_columns_b,
          glass_columns_c, glass_columns_a, small_statue_intersection,
          nicolae_shop_gadgets, uniq_pikel, uniq_sigmund

Skill      XL: |  1  2  3  4  5  6  7  8 |
---------------+-------------------------+-----
Spellcasting   | 4 5 6 7 8 |  8.9
Conjurations   | 5 6 7 |  7.0
Hexes          | 2 3 |  3.0
Summonings     | 1 3 |  3.0
Translocations | 1 3 |  3.0
Dodging        | |  2.4
Stealth        | |  2.4

Action                   |  1- 3 |  4- 6 |  7- 9 || total
-------------------------+-------+-------+-------++-------
Melee: Unarmed           |     4 |       |       ||     4
 Cast: Magic Dart        |    76 |   106 |    45 ||   227
       Searing Ray       |     3 |    27 |    10 ||    40
       Iskenderun's Myst |       |     1 |     2 ||     3
       Iskenderun's Batt |       |     2 |     5 ||     7
       Summon Guardian G |       |     1 |       ||     1
  Use: Scroll            |       |     4 |     1 ||     5
Armor: Robe              |     2 |     3 |     2 ||     7
Dodge: Dodged            |    10 |    22 |    12 ||    44

Table legend: (Time is in decaauts)
 A = Elapsed time spent in this place.
 B = Non-inter-level travel time spent in this place.
 C = Inter-level travel time spent in this place.
 D = Time resting spent in this place.
 E = Time spent auto-exploring this place.
 F = Levels seen in this place.
 G = Mean time per level.
                   A        B        C        D        E       F      G
               +--------+--------+--------+--------+--------+-----+--------+
         Total |   6029 |   5944 |     85 |    743 |   4399 |   6 | 1004.8 |
       Dungeon |   6029 |   5944 |     85 |    743 |   4399 |   6 | 1004.8 |
               +--------+--------+--------+--------+--------+-----+--------+

Top non-repeatable levels by time:
     D:1: 1506 daAuts
     D:5: 1267 daAuts
     D:4: 1259 daAuts
     D:3: 994 daAuts
     D:2: 963 daAuts
     D:6: 38 daAuts
